 Dungeon Crawl Stone Soup version 0.21-a0-591-g2314aa1 (webtiles) character file.

55139 kibaces the Warrior (level 14, 0/135 HPs)
             Began as a Minotaur Berserker on Dec 22, 2017.
             Was the Champion of Trog.
             Slain by a spriggan rider
             ... wielding a +0 spear
              (14 damage)
             ... on level 6 of the Lair of Beasts.
             The game lasted 00:53:36 (20101 turns).

kibaces the Warrior (Minotaur Berserker)           Turns: 20101, Time: 00:53:36

Health: 0/135      AC: 14    Str: 22    XL:     14   Next: 37%
Magic:  13/13      EV: 21    Int:  3    God:    Trog [******]
Gold:   1428       SH:  0    Dex: 17    Spells: 13/13 levels left

rFire    + + .     SeeInvis .   v - +1 battleaxe (vamp)
rCold    + . .     Gourm    .   (shield currently unavailable)
rNeg     . . .     Faith    +   B - +1 ring mail of the Bruised Gods {rElec MR+}
rPois    +         Spirit   .   k - +1 hat
rElec    +         Reflect  .   g - scarf {rC+ rF+}
rCorr    .         Harm     .   m - +1 pair of gloves
MR       ++...                  F - +0 pair of boots
Stlth    +.........             n - amulet of faith
HPRegen  0.32/turn              h - ring of protection from fire
MPRegen  0.13/turn              A - +3 ring of dexterity

@: lethally poisoned (0 -> -1), berserk cooldown, slowed, very slow
A: retaliatory headbutt, horns 2, dopey 1, poison resistance, wild magic 1
a: Berserk, Trog's Hand, Brothers in Arms, Burn Spellbooks, Renounce Religion


You were on level 6 of the Lair of Beasts.
You worshipped Trog.
Trog was exalted by your worship.
You were not hungry.

You visited 2 branches of the dungeon, and saw 19 of its levels.
You also visited: Labyrinth and Volcano.

You collected 1596 gold pieces.
You spent 168 gold pieces at shops.

Inventory:

Hand Weapons
 v - a +1 vampiric battleaxe (weapon)
 M - a +2 war axe of electrocution
Armour
 a - a +2 cloak
 g - a scarf of resistance (worn)
 k - a +1 hat (worn)
 m - a +1 pair of gloves (worn)
 B - the +1 ring mail of the Bruised Gods (worn) {rElec MR+}
   (You found it on level 9 of the Dungeon)

   It insulates you from electricity.
   It affects your resistance to hostile enchantments.
 F - a +0 pair of boots (worn)
Jewellery
 h - a ring of protection from fire (left hand)
 n - an amulet of faith (around neck)
 A - a +3 ring of dexterity (right hand)
Wands
 f - a wand of paralysis (9)
 i - a wand of enslavement (13)
Scrolls
 j - 5 scrolls of magic mapping
 l - 7 scrolls of remove curse
 r - a scroll of brand weapon
 t - 5 scrolls of blinking
 u - a scroll of enchant armour
 w - a scroll of fear
 x - 5 scrolls of identify
 y - 4 scrolls of immolation
 G - 10 scrolls of teleportation
 H - a scroll of fog
 I - 2 scrolls of enchant weapon {unknown}
Potions
 b - 4 potions of agility
 d - 4 potions of lignification
 e - 5 potions of heal wounds
 o - 3 potions of flight
 p - 6 potions of curing
 q - a potion of invisibility
 s - a potion of brilliance
 z - a potion of haste
 C - 3 potions of cancellation {unknown}
 D - 3 potions of ambrosia
 E - 2 potions of berserk rage
 L - a potion of might
Comestibles
 c - 19 rations


   Skills:
 + Level 15.1 Fighting
 + Level 15.0 Axes
 + Level 14.8 Armour
 + Level 13.7 Dodging


You had 13 spell levels left.
You didn't know any spells.

Dungeon Overview and Level Annotations

Branches:
Dungeon (13/15)            Temple (0/1) D:6            Lair (6/6) D:8
  Swamp (0/4) Lair:4        Snake (0/4) Lair:4        Slime (0/5) Lair:5
    Orc (0/2) D:10
 Vaults: D:13-14

Altars:
Kikubaaqudgha
Qazlal
Ru
Sif Muna
Jiyva

Shops:
D:5 [   D:6 [   D:7 :   D:8 **

Annotations:
Lair:5 1 runed door


Innate Abilities, Weirdness & Mutations

You reflexively headbutt those who attack you in melee.
You have a pair of horns on your head.
You are dopey. (Int -2)
Your system is resistant to poisons. (rPois)
Your spells are a little harder to cast, but a little more powerful.


Message History

You eat one of the 20 rations.
That ration really hit the spot!
You feel sick. The spriggan rider closely misses you.
The spriggan hits you with a rapier of protection!
The spriggan rider hits you from afar with a spear.
Your stone giant goes berserk!
You feel somewhat more hungry.
The spriggan hits you with a rapier of protection!
* * * LOW HITPOINT WARNING * * *
The spriggan rider hits you from afar with a spear!!
* * * LOW HITPOINT WARNING * * *
You feel sick. The spriggan closely misses you.
You hear a shout!
The spriggan rider hits you from afar with a spear!
* * * LOW HITPOINT WARNING * * *
You feel much better.
You feel sick.
The spriggan rider hits you from afar with a spear!
* * * LOW HITPOINT WARNING * * *
The spriggan rider hits you but does no damage.
The spriggan rider hits you from afar with a spear!
You die...

♣♣)[.♣ ♣)..♣ ♣...♣♣
. ♣♣♣...♣♣ ♣.♣
♣♣♣......♣
♣..♣♣♣♣♣♣♣♣....♣♣..♣
♣............♣♣ ♣.♣
♣ ♣........♣♣ ..♣
..♣ ♣♣@...♣..♣♣ ♣.♣
♣... ♣♣...♣♣♣...♣♣♣
.♣ ♣...♣♣ ♣♣ii.♣♣
♣.....♣ .♣
♣...♣♣C..♣♣ ♣.....♣
♣.i)i.♣♣♣ ♣...♣♣♣
♣.....♣♣♣♣ ♣♣♣♣♣
♣...... ....♣.F ...
♣♣♣


You could see a spriggan rider, 2 spriggans and a friendly stone giant
(berserk).

Vanquished Creatures
  A bone dragon (D:12)
  The ghost of nht the Covert, a journeyman DsVM of Ashenzari (Lair:5)
  The ghost of rabbitfr the Geomancer, a journeyman GrEE of Ashenzari (Lair:3)
  Harold (D:11)
  2 hydras
  The ghost of Velros the Spear-Bearer, a novice DgEE (D:9)
  A two-headed ogre (D:12)
  Sonja (D:12)
  An unseen horror (D:10)
  4 wolf spider zombies (D:12)
  5 ugly things
  5 elephants (Lair:3)
  A toenail golem (Volcano)
  9 spiny frogs
  8 centaur skeletons
  7 black mambas
  2 molten gargoyles (Volcano)
  A gargoyle (D:10)
  A kobold demonologist (D:11)
  A harpy zombie (D:12)
  8 komodo dragons
  2 efreet (Volcano)
  A troll (D:12)
  3 hornets (Lair:6)
  10 polar bears
  3 blink frogs (Lair:4)
  A meliai zombie (D:12)
  6 hippogriffs
  A harpy skeleton (D:12)
  7 spriggans (Lair:6)
  A shadow (D:11)
  3 wyverns
  3 fire elementals (Volcano)
  52 yaks
  5 basilisks
  3 hungry ghosts
  14 swamp worms
  14 water moccasins
  11 porcupines
  Duvessa (D:4)
  3 black bears
  8 orc warriors
  An eye of draining (D:9)
  4 sky beasts
  5 ice beasts
  3 phantoms
  2 boggarts (Lair:6)
  15 wolves
  9 centaurs
  3 ogres
  12 crocodiles
  2 big kobolds
  9 bullfrogs
  3 earth elementals (Volcano)
  Dowan (D:4)
  2 wyvern skeletons
  5 scorpions
  3 killer bees (D:7)
  3 wights (D:6)
  4 electric eels
  2 howler monkeys
  2 crimson imps (D:7)
  3 bullfrog zombies
  4 hounds
  6 centaur zombies (D:12)
  A jelly (D:6)
  A quasit (D:9)
  8 orc priests
  A bullfrog skeleton (D:9)
  8 orc wizards
  Crazy Yiuf (D:2)
  Ijyb (D:5)
  6 iguanas
  4 worker ants
  A hound zombie (D:5)
  A hound skeleton (D:6)
  2 worker ant zombies
  Robin (D:2)
  12 adders
  4 gnolls (D:6)
  2 shadow imps
  6 oozes
  3 adder skeletons
  10 worms
  3 dart slugs
  3 leopard geckos
  50 orcs
  3 ball pythons
  4 giant cockroaches
  9 goblins
  10 hobgoblins
  9 jackals
  6 quokkas
  4 bats
  7 frilled lizards
  9 kobolds
  2 leopard gecko skeletons
  A quokka skeleton (D:5)
  9 rats
  A fire vortex (Volcano)
  2 plants
522 creatures vanquished.

Vanquished Creatures (collateral kills)
  A minotaur (Lab)
  A centaur zombie (D:12)
  A redback zombie (D:12)
  A hornet zombie (D:12)
4 creatures vanquished.

Vanquished Creatures (others)
  3 fire vortices (Volcano)
  A fungus (Lair:2)
  4 plants
8 creatures vanquished.

Grand Total: 534 creatures vanquished

Notes
Turn   | Place    | Note
-------+----------+-------------------------------------------
     0 | D:1      | kibaces the Minotaur Berserker began the quest for the Orb.
     0 | D:1      | Reached XP level 1. HP: 19/19 MP: 0/0
   469 | D:1      | Reached XP level 2. HP: 27/27 MP: 1/1
   893 | D:1      | Reached XP level 3. HP: 33/33 MP: 2/2
  1037 | D:1      | You fall through a shaft!
  1055 | D:2      | Noticed Robin
  1079 | D:2      | Reached ** piety under Trog
  1513 | D:2      | Killed Robin
  1513 | D:2      | Reached XP level 4. HP: 41/41 MP: 3/3
  1972 | D:2      | Found a runed door.
  2055 | D:3      | Reached XP level 5. HP: 33/47 MP: 4/4
  2181 | D:3      | Noticed an orc warrior
  2192 | D:3      | Killed an orc warrior
  2192 | D:3      | Reached skill level 5 in Fighting
  2192 | D:3      | Reached skill level 5 in Axes
  2197 | D:3      | Reached XP level 6. HP: 35/56 MP: 5/5
  2833 | D:2      | Noticed Crazy Yiuf
  2839 | D:2      | Killed Crazy Yiuf
  3923 | D:4      | Found a stormy altar of Qazlal.
  4124 | D:4      | Noticed Duvessa
  4125 | D:4      | Noticed Dowan
  4140 | D:4      | Killed Duvessa
  4144 | D:4      | Killed Dowan
  4144 | D:4      | Reached XP level 7. HP: 62/62 MP: 6/6
  4223 | D:4      | Reached skill level 5 in Armour
  4407 | D:5      | Entered Level 5 of the Dungeon
  4551 | D:5      | Reached *** piety under Trog
  4797 | D:5      | Noticed a hungry ghost
  4804 | D:5      | Killed a hungry ghost
  4804 | D:5      | Reached skill level 5 in Dodging
  4911 | D:5      | Noticed Ijyb
  4916 | D:5      | Killed Ijyb
  5229 | D:5      | Found Vipnyall's Antique Armour Shoppe.
  5441 | D:5      | Reached XP level 8. HP: 62/71 MP: 7/7
  5708 | D:6      | Found Dacex's Armour Emporium.
  5770 | D:6      | Found an ancient bone altar of Kikubaaqudgha.
  5956 | D:6      | Found a staircase to the Ecumenical Temple.
  6449 | D:6      | Reached **** piety under Trog
  6748 | D:7      | Found a sacrificial altar of Ru.
  6997 | D:7      | Found a deep blue altar of Sif Muna.
  7034 | D:7      | Found Cibiseid's Book Boutique.
  7049 | D:7      | Reached XP level 9. HP: 64/81 MP: 8/8
  7708 | D:7      | Gained mutation: You have large cloven feet. [potion of mutation]
  7708 | D:7      | Gained mutation: You occasionally shout uncontrollably at your foes. [potion of mutation]
  7708 | D:7      | Gained mutation: You passively map a small area around you. [potion of mutation]
  7709 | D:7      | Lost mutation: You occasionally shout uncontrollably at your foes. [potion of mutation]
  7709 | D:7      | Lost mutation: You passively map a small area around you. [potion of mutation]
  7709 | D:7      | Lost mutation: You have large cloven feet. [potion of mutation]
  7709 | D:7      | Gained mutation: Your spells are a little harder to cast, but a little more powerful. [potion of mutation]
  7709 | D:7      | Gained mutation: You are dopey. (Int -2) [potion of mutation]
  7709 | D:7      | Gained mutation: Your system is resistant to poisons. (rPois) [potion of mutation]
  7912 | D:8      | Found Pishu's Assorted Antiques.
  7956 | D:8      | Bought a sapphire ring for 140 gold pieces
  7956 | D:8      | Bought a scroll labeled KUTZOZXUDU for 28 gold pieces
  7982 | D:8      | Found a staircase to the Lair.
  8074 | D:8      | Found Qoadufif's Assorted Antiques.
  8089 | D:8      | Reached XP level 10. HP: 91/91 MP: 9/9
  8539 | D:9      | Paralysed by fainting for 5 turns
  8718 | D:9      | Reached skill level 10 in Fighting
  8736 | D:9      | Reached skill level 10 in Axes
  8744 | D:9      | Reached ***** piety under Trog
  8823 | D:9      | Noticed Velros's ghost (novice DgEE)
  8835 | D:9      | Killed Velros's ghost
  8927 | D:9      | Received a gift from Trog
  9057 | D:9      | Got a smoking ring mail
  9063 | D:9      | Reached skill level 10 in Armour
  9097 | D:9      | Identified the +1 ring mail of the Bruised Gods {rElec MR+} (You found it on level 9 of the Dungeon)
  9782 | D:10     | Entered Level 10 of the Dungeon
  9847 | D:10     | Killed an unseen horror
  9931 | D:10     | Reached XP level 11. HP: 101/101 MP: 10/10
 10177 | D:10     | Found a staircase to the Orcish Mines.
 10455 | D:11     | Noticed Harold
 10478 | D:11     | Killed Harold
 10478 | D:11     | Reached skill level 10 in Dodging
 10626 | D:11     | Noticed a cyan ugly thing
 10632 | D:11     | Noticed a red ugly thing
 10635 | D:11     | Killed a cyan ugly thing
 10644 | D:11     | Killed a red ugly thing
 11153 | D:12     | Noticed a white ugly thing
 11167 | D:12     | Killed a white ugly thing
 11511 | D:12     | Received a gift from Trog
 11898 | D:12     | Noticed a cyan ugly thing
 11899 | D:12     | Noticed a purple ugly thing
 11907 | D:12     | Killed a purple ugly thing
 11912 | D:12     | Killed a purple ugly thing
 11912 | D:12     | Reached XP level 12. HP: 112/112 MP: 11/11
 12402 | D:12     | Noticed a bone dragon
 12403 | D:12     | Found the +9 sword of Zonguldrok {reap}
 12416 | D:12     | Killed a bone dragon
 12623 | D:12     | Noticed a two-headed ogre
 12627 | D:12     | Killed a two-headed ogre
 12678 | D:12     | Noticed Sonja
 12689 | D:12     | Killed Sonja
 13243 | Lair:1   | Entered Level 1 of the Lair of Beasts
 13253 | Lair:1   | Received a gift from Trog
 13263 | Lair:1   | Reached XP level 13. HP: 120/122 MP: 12/12
 13423 | Lair:1   | Found a labyrinth entrance.
 13435 | Lab      | Entered a labyrinth
 13542 | Lab      | Noticed a minotaur
 13546 | Lab      | Killed a minotaur
 14686 | Lair:2   | Found a dark tunnel.
 14692 | Volcano  | Entered a volcano
 15693 | Lair:3   | Noticed rabbitfr's ghost (journeyman GrEE)
 15704 | Lair:3   | Killed rabbitfr's ghost
 15704 | Lair:3   | Received a gift from Trog
 15878 | Lair:3   | Reached ****** piety under Trog
 16617 | Lair:4   | Found a staircase to the Snake Pit.
 16800 | Lair:4   | Received a gift from Trog
 16970 | Lair:4   | Found a staircase to the Swamp.
 18193 | Lair:5   | Noticed nht's ghost (journeyman DsVM)
 18210 | Lair:5   | Killed nht's ghost
 18210 | Lair:5   | Reached XP level 14. HP: 133/133 MP: 13/13
 18546 | Lair:5   | Received a gift from Trog
 19120 | Lair:5   | Found a runed door.
 19123 | Lair:5   | Found a viscous altar of Jiyva.
 19123 | Lair:5   | Noticed an azure jelly
 19123 | Lair:5   | Noticed an azure jelly
 19124 | Lair:5   | Found a staircase to the Slime Pits.
 19124 | Lair:5   | Noticed an azure jelly
 19339 | Lair:6   | Entered Level 6 of the Lair of Beasts
 19792 | Lair:6   | Reached skill level 15 in Fighting
 19797 | Lair:6   | Reached skill level 15 in Axes
 20098 | Lair:6   | HP: 5/135 [spriggan rider/spear (14)]
 20101 | Lair:6   | Slain by a spriggan rider

Vault maps used:
D:1:      ncdulo_lavacross, grunt_decor_mini_mirrors
D:2:      uniq_crazy_yiuf_cottage, uniq_robin
D:3:      serial_glass, glass_columns_b, glass_columns_c
D:4:      lemuel_upstairs_altar, grunt_qazlal_clouds, uniq_duvessa
D:5:      first_ration, serial_shops, shop, uniq_ijyb
D:6:      kiku_gazebo_pond_becter, minmay_temple_entry_junction_2, serial_shops,
          nicolae_shop_behind_doors
D:7:      led_sif_book, serial_shops, shop, nicolae_ru_path_of_blood
D:8:      minmay_lair_entry_grove, serial_shops, shop, shop
D:9:      blue_anna_alchemist
D:10:     orc_0_dummy
D:11:     minmay_misc_feat_four_crosses, uniq_harold
D:12:     minmay_guarded_unrand_zonguldrok, uniq_sonja
D:13:     david_vaults_4
Lair:1:   lab_entry_generic
Lair:2:   lightli_volcano_entry_magma_tube
Lair:3:   minivault_24
Lair:4:   nicolae_swamp_entry_splash_gauntlet, minmay_snake_entry_six_corridors,
          worms_lemuel
Lair:5:   slime_altar_2, beast_lair_carwin_8, serial_bayou_shore_a
Lair:6:   minmay_lair_end_enchanted_forest, grunt_megastairs_5,
          infiniplex_staircase_pool
Lab:      labyrinth_hidden_loot, lab_hedge, lab_block, labyrinth_glass_2,
          labyrinth_skeletal_remains, lab_statue, nicolae_lab_swirl,
          nicolae_lab_quarters, nicolae_lab_statue
Volcano:  volcano_aerie

Skill      XL: |  1  2  3  4  5  6  7  8  9 10 11 12 13 14 |
---------------+-------------------------------------------+-----
Fighting       | 4 5 6 8 9 10 12 13 14 15 | 15.1
Axes           | 4 5 6 7 9 10 12 13 14 15 | 15.0
Armour         | 3 4 5 7 9 10 11 13 14 | 14.8
Dodging        | 3 4 5 6 8 9 10 12 13 | 13.7

Action                   |  1- 3 |  4- 6 |  7- 9 | 10-12 | 13-15 || total
-------------------------+-------+-------+-------+-------+-------++-------
Melee: Hand axe          |    65 |    88 |       |       |       ||   153
       Headbutt          |    14 |    15 |    60 |   142 |   145 ||   376
       War axe           |       |    14 |    94 |       |       ||   108
       Battleaxe         |       |       |   152 |   498 |   572 ||  1222
Invok: Berserk           |     1 |     3 |     5 |     5 |     6 ||    20
       Burn Spellbooks   |       |     1 |       |     2 |     2 ||     5
       Trog's Hand       |       |     1 |       |       |       ||     1
       Brothers in Arms  |       |       |       |     1 |     2 ||     3
  Use: Scroll            |       |       |    19 |     7 |     6 ||    32
       Potion            |       |       |     2 |       |     2 ||     4
 Stab: Sleeping          |     1 |       |     3 |       |       ||     4
  Eat: Chunk             |     2 |     9 |    12 |    12 |    16 ||    51
       Ration            |       |     1 |     2 |     5 |     4 ||    12
Armor: Animal skin       |    13 |     2 |       |       |       ||    15
       Leather armour    |       |    16 |    39 |       |       ||    55
       Chain mail        |       |       |    41 |    21 |       ||    62
       Ring mail         |       |       |       |   154 |   187 ||   341
Dodge: Dodged            |    43 |    54 |   177 |   499 |   627 ||  1400

Table legend:
 A = Spawn XP
 B = Non-spawn XP
 C = Spawn XP percentage of total XP
 D = Spawn monster count
 E = Non-spawn monster count
 F = Spawn count percentage of total count
 G = Total turns spent on level
                    A         B        C        D         E        F      G
               +---------+---------+-------+---------+---------+-------+---------
         Total |       0 |   78771 |   0.0 |       0 |     523 |   0.0 | 20101
               +---------+---------+-------+---------+---------+-------+---------
           D:1 |       0 |      49 |   0.0 |       0 |      22 |   0.0 |  1262
           D:2 |       0 |      95 |   0.0 |       0 |      19 |   0.0 |   829
           D:3 |       0 |     312 |   0.0 |       0 |      26 |   0.0 |  1147
           D:4 |       0 |     347 |   0.0 |       0 |       9 |   0.0 |  1169
           D:5 |       0 |     668 |   0.0 |       0 |      24 |   0.0 |  1178
           D:6 |       0 |     829 |   0.0 |       0 |      24 |   0.0 |  1009
           D:7 |       0 |    1585 |   0.0 |       0 |      25 |   0.0 |  1280
           D:8 |       0 |    1879 |   0.0 |       0 |      23 |   0.0 |   626
           D:9 |       0 |    4268 |   0.0 |       0 |      47 |   0.0 |  1311
          D:10 |       0 |    3275 |   0.0 |       0 |      24 |   0.0 |   633
          D:11 |       0 |    4413 |   0.0 |       0 |      28 |   0.0 |   775
          D:12 |       0 |   18305 |   0.0 |       0 |      61 |   0.0 |  1937
          D:13 |       0 |     742 |   0.0 |       0 |       4 |   0.0 |    87
        Lair:1 |       0 |    3148 |   0.0 |       0 |      16 |   0.0 |   604
        Lair:2 |       0 |    3525 |   0.0 |       0 |      20 |   0.0 |   885
        Lair:3 |       0 |    8894 |   0.0 |       0 |      27 |   0.0 |   781
        Lair:4 |       0 |    6379 |   0.0 |       0 |      49 |   0.0 |  1542
        Lair:5 |       0 |    7125 |   0.0 |       0 |      22 |   0.0 |  1404
        Lair:6 |       0 |    9610 |   0.0 |       0 |      41 |   0.0 |   762
           Lab |       0 |     562 |   0.0 |       0 |       1 |   0.0 |   191
       Volcano |       0 |    2761 |   0.0 |       0 |      11 |   0.0 |   689
               +---------+---------+-------+---------+---------+-------+---------
